 Dungeon Crawl Stone Soup version 0.28-a0-1387-g3a22ab9bdc (webtiles) character file.

Game seed: 2246090001341684590

1187 HallandMoats the Skirmisher (level 8, -1/64 HPs)
             Began as a Demonspawn Fighter on Jan 2, 2022.
             Was a Priest of Ru.
             Slain by a scorpion (7 damage)
             ... on level 6 of the Dungeon.
             The game lasted 00:11:03 (3910 turns).

HallandMoats the Skirmisher (Demonspawn Fighter)    Turns: 3910, Time: 00:11:05

Health: -1/64      AC: 10    Str: 16    XL:     8   Next: 19%
Magic:  17/17      EV: 16    Int:  6    God:    Ru [***...]
Gold:   182        SH:  5    Dex: 15    Spells: 7/7 levels left

rFire   . . .      SeeInvis .   a - +0 war axe
rCold   . . .      Faith    .   c - +0 buckler
rNeg    . . .      Spirit   .   i - +3 leather armour of the First Villages {Regen+ Int-4 Stlth+}
rPois   .          Reflect  .   (no helmet)
rElec   .          Harm     .   (no cloak)
rCorr   .          Rampage  .   p - +0 pair of gloves
Will    .....                   e - +2 pair of boots
Stlth   ++........              (no amulet)
HPRegen 1.00/turn               j - +4 ring of evasion
MPRegen 0.15/turn               n - ring of magical power

@: lethally poisoned (-1 -> -1)
A: powered by death 1, hated by all, unskilled 1, demonic magic 1, weakness
stinger 2
a: Renounce Religion, Draw Out Power


You were on level 6 of the Dungeon.
You worshipped Ru.
Ru was most pleased with you.
You visited 1 branch of the dungeon, and saw 6 of its levels.

You collected 182 gold pieces.

Inventory:

Hand Weapons
 a - a +0 war axe (weapon)
Armour
 c - a +0 buckler (worn)
 e - a +2 pair of boots (worn)
 i - the +3 leather armour of the First Villages (worn) {Regen+ Int-4 Stlth+}
   (You found it on level 2 of the Dungeon)

   Int:       It affects your intelligence (-4).
   Regen:     It increases your rate of health regeneration.
   Stlth:     It makes you more stealthy.
 p - a +0 pair of gloves (worn)
Jewellery
 j - a +4 ring of evasion (left hand)
 n - a ring of magical power (right hand)
Wands
 k - a wand of flame (24)
 m - a wand of polymorph (12)
 s - a wand of iceblast (6)
Scrolls
 f - 3 scrolls of teleportation {unknown}
 g - a scroll of acquirement {unknown}
 r - a scroll of blinking {unknown}
 t - 3 scrolls of identify {unknown}
 u - a scroll of fog {unknown}
Potions
 b - 4 potions of heal wounds
 d - 4 potions of might
 h - 2 potions of flight {unknown}
 l - 3 potions of degeneration {unknown}
 o - a potion of resistance {unknown}
 q - a potion of brilliance {unknown}
 v - 2 potions of curing {unknown}
 w - a potion of berserk rage {unknown}


   Skills:
 * Level 5.9 Fighting
 + Level 3.8 Axes
 + Level 4.2 Armour
 + Level 2.9 Dodging
 - Level 3.6 Shields


You had 7 spell levels left.
You didn't know any spells.
Your spell library contained the following spells:

 Spells                   Type           Power      Damage    Failure   Level
 Shock                    Conj/Air       0%         1d3       54%         1
 Sting                    Tmut/Pois      0%         1d3       54%         1
 Portal Projectile        Hex/Tloc       0%         N/A       88%         3
 Spider Form              Tmut/Pois      0%         N/A       88%         3
 Swiftness                Air            0%         N/A       88%         3
 Airstrike                Air            0%         N/A       99%         4
 Alistair's Intoxication  Tmut/Pois      0%         N/A       100%        5
 Blade Hands              Tmut           0%         N/A       100%        5
 Excruciating Wounds      Necr           0%         N/A       100%        5


Dungeon Overview and Level Annotations

Branches:
Dungeon (6/15)
 Temple: D:4-7

Altars:
Ru
Uskayaw
Vehumet
The Shining One

Shops:
D:5 [


Innate Abilities, Weirdness & Mutations

You regenerate a little health from kills.
You are hated by all.
You are somewhat unskilled. (-1 Apt)
Spells you cast may paralyse adjacent enemies.
You have a tail ending in a sharp stinger.


Message History

You closely miss the phantom. You hit the scorpion. The ogre misses you.
You block the scorpion's attack. The phantom misses you.
You block the scorpion's attack.
You hit the ogre. You tail-slap the ogre.
The ogre is moderately wounded.
You closely miss the phantom. You closely miss the scorpion.
The ogre hits you with a +0 giant spiked club!
The phantom hits you but does no damage.
The scorpion barely misses you. The phantom hits you.
The phantom blinks!
You blink.
You slash the ogre!
The ogre is heavily wounded.
You barely miss the phantom. The ogre misses you. The scorpion stings you.
You are poisoned.
The scorpion poisons you!
The phantom hits you but does no damage.
You hit the ogre.
The ogre is heavily wounded.
You hit the scorpion. You hit the phantom.
You feel very sick.
The ogre hits you with a +0 giant spiked club!!
* * * LOW HITPOINT WARNING * * *
The scorpion closely misses you.
You redirect the phantom's attack!
The phantom barely misses itself.
You barely miss the ogre. You tail-slap the ogre.
The ogre is heavily wounded.
You hit the scorpion but do no damage. You hit the phantom.
You feel very sick. The scorpion misses you. The ogre closely misses you.
The phantom hits you but does no damage.
The scorpion stings you.
* * * LOW HITPOINT WARNING * * *
You slash the ogre!
The ogre is almost dead.
You closely miss the scorpion. You barely miss the phantom.
You feel sick. You block the ogre's attack. The phantom hits you.
* * * LOW HITPOINT WARNING * * *
The scorpion stings you!
You die...

#.#.....#.#######
#.#.#...#.#####
#.#.###.#.#.(.# #.#.#
#.#.#.#.#####
#.#.###.#.#.#......
#.#.....#........).
#.########....#####.#
+..sO......#
#...@.##.. #...W.#
#####.# .# .# +#


You could see a phantom, an ogre and a scorpion.

Vanquished Creatures
  Duvessa (D:5)
  A necrophage (D:4)
  A water moccasin zombie (D:5)
  Blork the orc (D:5)
  A wyvern zombie (D:5)
  A scorpion (D:5)
  2 wyvern skeletons
  Dowan (D:5)
  3 bullfrog skeletons
  A gnoll shaman (D:5)
  2 hounds
  3 centaur skeletons
  2 orc wizards (D:5)
  A statue (D:3)
  A hound skeleton (D:4)
  3 gnolls (D:5)
  7 adders
  A shadow imp (D:6)
  A white imp (D:6)
  An ufetubus (D:4)
  3 dart slugs
  12 orcs
  7 bats
  6 endoplasms
  3 giant cockroaches
  9 hobgoblins
  10 jackals
  2 quokkas (D:1)
  6 ball pythons
  2 frilled lizards
  10 goblins
  9 kobolds
  6 rats
120 creatures vanquished.

Vanquished Creatures (others)
  An ogre (D:5)
  A howler monkey skeleton (D:5)
2 creatures vanquished.

Grand Total: 122 creatures vanquished

Notes
Turn   | Place    | Note
-------+----------+-------------------------------------------
     0 | D:1      | HallandMoats the Demonspawn Fighter began the quest for the
                  | Orb.
     0 | D:1      | Reached XP level 1. HP: 18/18 MP: 1/1
   346 | D:2      | Gained mutation: You have a small tail. [demonic ancestry]
   346 | D:2      | Reached XP level 2. HP: 20/24 MP: 2/2
   713 | D:1      | Found a faded altar of an unknown god.
   734 | D:1      | Prayed at the altar of an unknown god.
   734 | D:1      | Became a worshipper of Ru the Awakened
   751 | D:1      | Gained mutation: You are hated by all. [Ru sacrifice]
   751 | D:1      | Reached * piety under Ru
   825 | D:1      | Reached XP level 3. HP: 26/29 MP: 3/3
  1011 | D:2      | Identified the +3 leather armour of the First Villages
                  | {Regen+ Int-4 Stlth+}
  1232 | D:2      | Reached XP level 4. HP: 36/36 MP: 4/4
  1475 | D:2      | Got Cepocab's Catalogue of Venom
  1762 | D:3      | Found a radiant altar of Vehumet.
  1762 | D:3      | Noticed a frost-covered statue
  1771 | D:3      | Killed a frost-covered statue
  1914 | D:3      | Reached XP level 5. HP: 42/42 MP: 5/5
  1947 | D:3      | Reached skill level 4 in Fighting
  1947 | D:3      | Reached skill level 1 in Dodging
  2188 | D:3      | Found a sacrificial altar of Ru.
  2457 | D:4      | Noticed a necrophage
  2471 | D:4      | Killed a necrophage
  2472 | D:4      | Gained mutation: You have a tail ending in a sharp stinger.
                  | [demonic ancestry]
  2472 | D:4      | Reached XP level 6. HP: 44/49 MP: 6/6
  2671 | D:4      | Gained mutation: You are somewhat unskilled. (-1 Apt) [Ru
                  | sacrifice]
  2671 | D:4      | Reached ** piety under Ru
  2671 | D:4      | Reached *** piety under Ru
  2802 | D:5      | Entered Level 5 of the Dungeon
  2924 | D:5      | Gained mutation: Spells you cast may paralyse adjacent
                  | enemies. [demonic ancestry]
  2924 | D:5      | Reached XP level 7. HP: 41/55 MP: 7/7
  3031 | D:5      | Reached skill level 5 in Fighting
  3031 | D:5      | Found a hide-covered altar of Uskayaw.
  3053 | D:5      | Noticed Blork the orc
  3056 | D:5      | Noticed Dowan
  3057 | D:5      | Noticed Duvessa
  3066 | D:5      | Killed Blork the orc
  3075 | D:5      | Killed Duvessa
  3083 | D:5      | Killed Dowan
  3251 | D:5      | Gained mutation: You regenerate a little health from kills.
                  | [demonic ancestry]
  3251 | D:5      | Reached XP level 8. HP: 64/64 MP: 8/8
  3373 | D:5      | Found Naramice's Antique Armour Boutique.
  3910 | D:6      | Slain by a scorpion

Illustrated notes

Levels and vault maps discovered:
D:1:      ncdulo_lavacross, layout_rooms, ebering_ecumenical_altar_hall,
          minivault_25, chequers_serial_rivers_large_a, minmay_fountain_box
D:2:      layout_loops_ring
D:3:      layout_basic, mainiacjoe_overflow_small_starburst, vehumet_statue,
          hex_medium
D:4:      layout_basic, old_standard_altar
D:5:      layout_loops_ring, eat_drink_and_be_merry_uskayaw, serial_shops,
          nicolae_shop_hallway_stairs, uniq_blork_the_orc, uniq_duvessa
D:6:      layout_basic, minmay_temple_entry_hall, minmay_misc_feat_diagonals,
          hangedman_abyss_or_decor_passed, uniq_grinder

Skill      XL: |  1  2  3  4  5  6  7 |
---------------+----------------------+-----
Axes           | 2 3 |  3.8
Armour         | 3 4 |  4.2
Shields        | 3 4 3 |  3.6
Fighting       | 4 5 |  5.9
Dodging        | 1 2 |  2.9

Action                   |  1- 3 |  4- 6 |  7- 9 || total
-------------------------+-------+-------+-------++-------
Melee: War axe           |   118 |   175 |   117 ||   410
       Tailslap          |     8 |    18 |    20 ||    46
Invok: Sacrifice Love    |     1 |       |       ||     1
       Sacrifice Skill   |       |     1 |       ||     1
 Stab: Sleeping          |     2 |     8 |     2 ||    12
       Distracted        |       |     1 |       ||     1
Armor: Scale mail        |    72 |       |       ||    72
       Leather armour    |    26 |    82 |    42 ||   150
Dodge: Dodged            |    91 |   117 |   111 ||   319
Block: Buckler           |    45 |    65 |    48 ||   158

Table legend: (Time is in decaauts)
 A = Elapsed time spent in this place.
 B = Non-inter-level travel time spent in this place.
 C = Inter-level travel time spent in this place.
 D = Time resting spent in this place.
 E = Time spent auto-exploring this place.
 F = Levels seen in this place.
 G = Mean time per level.
                   A        B        C        D        E       F      G
               +--------+--------+--------+--------+--------+-----+--------+
         Total |   4074 |   4074 |      0 |    508 |   2221 |   6 |  679.0 |
       Dungeon |   4074 |   4074 |      0 |    508 |   2221 |   6 |  679.0 |
               +--------+--------+--------+--------+--------+-----+--------+

Top non-repeatable levels by time:
     D:2: 1214 daAuts
     D:5: 1032 daAuts
     D:1: 613 daAuts
     D:3: 610 daAuts
     D:4: 476 daAuts
     D:6: 128 daAuts
